 Dungeon Crawl Stone Soup version 0.29.1-2-gbd0b4ee654 (webtiles) character file.

Game seed: 10850704345868920080

424 whiskeysaurus the Insei (level 6, -11/41 HPs)
             Began as an Octopode Transmuter on Nov 17, 2022.
             Mangled by an ogre
             ... wielding a +0 giant club
              (23 damage)
             ... on level 5 of the Dungeon.
             The game lasted 00:07:59 (6144 turns).

whiskeysaurus the Insei (Octopode Transmuter)       Turns: 6144, Time: 00:08:00

Health: -11/41     AC:  1    Str: 12    XL:     6   Next: 96%
Magic:  10/10      EV: 14    Int: 15    God:
Gold:   245        SH:  0    Dex: 12    Spells: 10/11 levels left

rFire   . . .      SeeInvis .     - Unarmed
rCold   + . .      Faith    .   (no shield)
rNeg    . . .      Spirit   .   (helmet currently unavailable)
rPois   .          Reflect  .   (no amulet)
rElec   .          Harm     .   d - ring of protection from cold
rCorr   +          Rampage  .   g - ring of resist corrosion
Will    .....                   (no ring)
Stlth   ++........              (no ring)
HPRegen 0.13/turn               (no ring)
MPRegen 0.12/turn               (no ring)
                                (no ring)
                                (no ring)

@: appendages (expiring)
A: tentacle spike 3, almost no armour, amphibious, 8 rings, camouflage 1,
gelatinous body 1, (nimble swimmer 1), tentacles
a: End Transformation


You were on level 5 of the Dungeon.
One of your tentacles had grown a beastly spike.
You visited 1 branch of the dungeon, and saw 5 of its levels.

You collected 245 gold pieces.

Inventory:

Missiles
 u - a throwing net
Jewellery
 d - a ring of protection from cold (left tentacle)
 g - a ring of resist corrosion (right tentacle)
Wands
 t - a wand of flame (14)
Scrolls
 c - a scroll of vulnerability {unknown}
 e - 3 scrolls of amnesia {unknown}
 h - a scroll of teleportation {unknown}
 i - a scroll of brand weapon {unknown}
 j - 2 scrolls of identify
 k - a scroll of immolation {unknown}
 l - a scroll of fog {unknown}
 n - 2 scrolls of blinking {unknown}
 q - a scroll of poison {unknown}
 r - a scroll of enchant weapon {unknown}
 s - a scroll of enchant armour
Potions
 a - 5 potions of lignification
 b - a potion of attraction {unknown}
 f - 2 potions of heal wounds {unknown}
 m - 3 potions of curing {unknown}
 o - 2 potions of mutation
 p - 2 potions of flight {unknown}
 v - 2 potions of degeneration {unknown}
 w - a potion of cancellation {unknown}
 x - a potion of resistance {unknown}
 z - a potion of might {unknown}


   Skills:
 + Level 2.8 Fighting
 + Level 3.4 Dodging
 * Level 4.9 Unarmed Combat
 + Level 3.2 Spellcasting
 + Level 3.4 Transmutations


You had 10 spell levels left.
You knew the following spells:

 Your Spells              Type           Power      Damage    Failure   Level
a - Beastly Appendage     Tmut           24%        N/A       4%          1

Your spell library contained the following spells:

 Spells                   Type           Power      Damage    Failure   Level
 Wereblood                Tmut           12%        N/A       8%          2
 Spider Form              Tmut/Pois      7%         N/A       28%         3
 Ice Form                 Ice/Tmut       7%         N/A       67%         4


Dungeon Overview and Level Annotations

Branches:
Dungeon (5/15)
 Temple: D:4-7

Altars:
Hepliaklqana
Kikubaaqudgha

Annotations:
D:5 2 transporters, xian's ghost, amateur DsAK


Innate Abilities, Weirdness & Mutations

One of your tentacles has grown a beastly spike.
You cannot wear most types of armour.
You are amphibious.
You can wear up to eight rings at the same time.
Your skin changes colour to match your surroundings (Stealth+).
Your rubbery body absorbs attacks. (AC +1, EV +1)
((You are camouflaged when in or above water. (Stealth+)))
You have tentacles for arms and can constrict up to eight enemies at once.


Message History

Nothing appears to happen.
Your magical contamination has completely faded away.
An adder comes into view.
An ogre comes into view. It is wielding a +0 giant club.
One of your tentacles grows a vicious spike.
Found a scroll of enchant armour and a silvery potion.
The adder misses you.
You tentacle-slap the adder. Your grab misses the adder.
The adder is lightly wounded.
The ogre shouts!
The adder bites you.
You bludgeon the adder! Your grab misses the adder.
Your tentacle spike misses the adder.
Your squeeze misses the adder.
The adder is almost dead.
The adder barely misses you. The adder closely misses you.
You bludgeon the adder!
You kill the adder!
A worm comes into view.
You see here an adder corpse.
The ogre hits you with a +0 giant club!
You bludgeon the ogre!
The ogre is moderately wounded.
The ogre hits you with a +0 giant club!
* * * LOW HITPOINT WARNING * * *
You are too injured to fight recklessly!
You are too injured to fight recklessly!
You are too injured to fight recklessly!
You are too injured to fight recklessly!
You bludgeon the ogre!
Your tentacle spike misses the ogre.
You squeeze the ogre!
The ogre is almost dead.
You tentacle-slap the ogre but do no damage.
The ogre is almost dead.
Your transformation is almost over.
The ogre misses you.
You barely miss the ogre.
The ogre is almost dead.
The ogre hits you with a +0 giant club!!
Ouch! That really hurt!
You die...

#.....### #.###.#
#.#.# ..# #.#
#.#.### ### #.#
#.....# # ### #.#
#..!..#.# ... ...
###........
####.#.
.......#.## .....
.########...w.....
###
#.......†@O...?# #
#.##.###########
#.##.# #.##.#
########.##.#
............#
....#########
#####


You could see an ogre and a worm.

Vanquished Creatures
  A phantom (D:5)
  A scorpion (D:5)
  Crazy Yiuf (D:4)
  Jessica (D:2)
  Ijyb (D:4)
  Natasha (thrice) (D:4)
  6 adders
  A white imp (D:5)
  4 worms
  2 dart slugs
  An orc (D:5)
  7 bats
  7 endoplasms
  3 giant cockroaches
  6 hobgoblins
  4 kobolds
  5 ball pythons
  5 frilled lizards
  9 goblins
  6 rats
  A spectral hobgoblin (D:1)
75 creatures vanquished.

Vanquished Creatures (others)
  6 plants (D:4)
6 creatures vanquished.

Grand Total: 81 creatures vanquished

Notes
Turn   | Place    | Note
-------+----------+-------------------------------------------
     0 | D:1      | whiskeysaurus the Octopode Transmuter began the quest for
                  | the Orb.
     0 | D:1      | Reached XP level 1. HP: 13/13 MP: 3/3
   321 | D:1      | Reached XP level 2. HP: 9/18 MP: 5/5
   867 | D:1      | Found a faded altar of an unknown god.
   977 | D:1      | Reached XP level 3. HP: 18/22 MP: 6/6
  1496 | D:2      | Noticed Jessica
  1784 | D:2      | Killed Jessica
  1785 | D:2      | Reached XP level 4. HP: 4/29 MP: 5/7
  3522 | D:3      | Reached XP level 5. HP: 29/34 MP: 8/8
  3901 | D:5      | Entered Level 5 of the Dungeon
  3922 | D:5      | Noticed a phantom
  3971 | D:4      | Found a hazy altar of Hepliaklqana.
  3974 | D:4      | Noticed Ijyb
  3987 | D:4      | Killed Ijyb
  3988 | D:4      | Reached skill level 4 in Unarmed Combat
  4192 | D:4      | Noticed Natasha
  4198 | D:4      | Killed Natasha
  4312 | D:4      | Found a runed translucent door.
  4313 | D:4      | Noticed Crazy Yiuf
  4529 | D:4      | Noticed Natasha
  4543 | D:4      | Killed Natasha
  4876 | D:4      | Noticed Natasha
  4881 | D:4      | Killed Natasha
  4882 | D:4      | Reached XP level 6. HP: 35/40 MP: 8/10
  5215 | D:4      | Killed Crazy Yiuf
  5577 | D:5      | Found a transporter.
  5577 | D:5      | Found a transporter.
  5577 | D:5      | Noticed xian's ghost (amateur DsAK)
  5580 | D:5      | Noticed a yak
  6096 | D:5      | Found an ancient bone altar of Kikubaaqudgha.
  6144 | D:5      | Mangled by an ogre

Illustrated notes

Levels and vault maps discovered:
D:1:      saegor_arrival_miasma, layout_basic,
          dreamdust_ecumenical_altar_drowned_temple
D:2:      layout_rooms, uniq_jessica
D:3:      layout_loops_corners
D:4:      layout_loops_ring, nicolae_hepliaklqana_hazy_memory,
          uniq_crazy_yiuf_cottage, uniq_natasha, uniq_ijyb
D:5:      layout_loops_ring, mainiacjoe_overflow_brackets,
          gammafunk_temple_overflow_forgotten, gammafunk_ghost_arena,
          uniq_menkaure

Skill      XL: |  1  2  3  4  5  6 |
---------------+-------------------+-----
Fighting       | 2 |  2.8
Unarmed Combat | 4 |  4.9
Dodging        | 3 |  3.4
Transmutations | 3 |  3.4
Spellcasting   | 3 |  3.2

Action                   |  1- 3 |  4- 6 || total
-------------------------+-------+-------++-------
Melee: Unarmed           |    73 |   120 ||   193
       Constrict         |    16 |    31 ||    47
       Tentacles         |    13 |    24 ||    37
       Punch             |     3 |     3 ||     6
       Kick              |       |    20 ||    20
 Cast: Beastly Appendage |       |    14 ||    14
  Use: Scroll            |       |     4 ||     4
 Stab: Sleeping          |     5 |     8 ||    13
       Fleeing           |       |     1 ||     1
Armor: Skin              |     9 |     4 ||    13
Dodge: Dodged            |    67 |    58 ||   125
